 Dungeon Crawl Stone Soup version 0.25.0-9-g26727b657a (webtiles) character file.

Game seed: 5030906402868157538

389 mopl the Firebug (level 6, -3/49 HPs)
             Began as a Naga Fire Elementalist on June 16, 2020.
             Slain by a bullfrog zombie (4 damage)
             ... on level 7 of the Dungeon.
             The game lasted 00:07:25 (4006 turns).

mopl the Firebug (Naga Fire Elementalist)           Turns: 4006, Time: 00:07:25

Health: -3/49      AC:  4    Str: 10    XL:     6   Next: 79%
Magic:  5/11       EV: 10    Int: 17    God:
Gold:   247        SH:  0    Dex: 12    Spells: 1/12 levels left

rFire    . . .     SeeInvis +   l - +0 spear
rCold    . . .     Gourm    .   (no shield)
rNeg     + . .     Faith    .   a - +0 robe
rPois    +         Spirit   .   (no helmet)
rElec    .         Reflect  .   o - +0 cloak
rCorr    .         Harm     .   (no gloves)
MR       .....                  (no barding)
Stlth    ++........             (no amulet)
HPRegen  0.16/turn              d - ring of positive energy
MPRegen  0.12/turn              (no ring)

@: very slow
A: large, see invisible, deformed body, poison resistance, slowness 2, slow
metabolism 1, spit poison 1, AC +2
a: Spit Poison


You were on level 7 of the Dungeon.
You were not hungry.

You visited 1 branch of the dungeon, and saw 7 of its levels.

You collected 247 gold pieces.

Inventory:

Hand Weapons
 e - a +0 short sword
 l - a +0 spear (weapon)
Armour
 a - a +0 robe (worn)
 o - a +0 cloak (worn)
Jewellery
 d - a ring of positive energy (left hand)
 k - an uncursed ring of ice
Scrolls
 b - 2 scrolls of magic mapping {unknown}
 h - 2 scrolls of identify
 i - 2 scrolls of remove curse {unknown}
 m - 2 scrolls of amnesia {unknown}
 s - 2 scrolls of teleportation {unknown}
Potions
 f - a potion of cancellation
 g - a potion of might
 j - 3 potions of heal wounds {unknown}
 n - 2 potions of brilliance
 q - a potion of lignification
 r - a potion of mutation
Comestibles
 c - 6 rations
 p - a chunk of flesh


   Skills:
 - Level 1.5 Dodging
 - Level 3.0 Stealth
 + Level 3.9 Spellcasting
 + Level 3.7 Conjurations
 + Level 1.1 Hexes
 + Level 4.8 Fire Magic


You had one spell level left.
You knew the following spells:

 Your Spells              Type           Power        Failure   Level  Hunger
a - Foxfire               Conj/Fire      ###.         2%          1    None
c - Conjure Flame         Conj/Fire      ###.....     9%          3    ###....
d - Sticky Flame          Conj/Fire      ###.....     26%         4    ####...
h - Inner Flame           Hex/Fire       ##......     14%         3    ###....

Your spell library contained the following spells:

 Spells                   Type           Power        Failure   Level  Hunger
 Fireball                 Conj/Fire      ###.......   58%         5    ######.


Dungeon Overview and Level Annotations

Branches:
Dungeon (7/15)
 Temple: D:4-7

Altars:
Ashenzari
Dithmenos
Elyvilon
Qazlal
Uskayaw
Xom

Shops:
D:4 (


Innate Abilities, Weirdness & Mutations

You cannot wear boots.
Your serpentine skin is tough. (AC +2)
You have supernaturally acute eyesight. (SInv)
Armour fits poorly on your strangely shaped body.
Your system is resistant to poisons. (rPois)
You cover ground very slowly.
You have a slow metabolism.
You can spit poison.


Message History

The foxfire hits the bullfrog zombie.
The bullfrog zombie is heavily damaged.
The foxfire hits the bullfrog zombie.
The bullfrog zombie is severely damaged.
The bullfrog zombie hits you.
* * * LOW HITPOINT WARNING * * *
Casting: Foxfire (safe; 2% risk of failure)
Confirm with . or Enter, or press ? or * to list all spells.
You conjure some foxfire!
The bullfrog zombie misses you. The bullfrog zombie hits you.
* * * LOW HITPOINT WARNING * * *
Unknown command.
The foxfire hits the bullfrog zombie.
The bullfrog zombie is severely damaged.
The foxfire hits the bullfrog zombie.
The bullfrog zombie is almost destroyed.
Casting: Foxfire (safe; 2% risk of failure)
Confirm with . or Enter, or press ? or * to list all spells.
You conjure some foxfire!
The bullfrog zombie hits you.
You die...

##### #
....# #.
...#
.#..####..##
...#.$....
#...##..#
#......<#
#....Zv)#
#....@v##
#.###### .


You could see a bullfrog zombie.

Vanquished Creatures
  A bullfrog (D:4)
  A hound (D:3)
  Crazy Yiuf (D:3)
  2 orc wizards (D:6)
  2 worker ants (D:4)
  A hound zombie (D:6)
  A hound skeleton (D:4)
  5 adders
  An ooze (D:2)
  3 worms
  3 leopard geckos
  4 orcs
  10 bats
  8 giant cockroaches
  2 goblins
  7 hobgoblins
  7 jackals
  2 quokkas
  4 frilled lizards
  8 kobolds
  7 rats
80 creatures vanquished.

Vanquished Creatures (others)
  113 foxfires
113 creatures vanquished.

Grand Total: 193 creatures vanquished

Notes
Turn   | Place    | Note
-------+----------+-------------------------------------------
     0 | D:1      | mopl the Naga Fire Elementalist began the quest for the
                  | Orb.
     0 | D:1      | Reached XP level 1. HP: 15/15 MP: 3/3
   179 | D:1      | Reached XP level 2. HP: 17/22 MP: 1/5
   636 | D:1      | Reached XP level 3. HP: 19/28 MP: 4/6
   789 | D:2      | Learned a level 3 spell: Conjure Flame
  1144 | D:2      | Found a hide-covered altar of Uskayaw.
  1263 | D:2      | Reached XP level 4. HP: 34/36 MP: 5/8
  1274 | D:2      | Learned a level 4 spell: Sticky Flame
  1282 | D:2      | Found a shadowy altar of Dithmenos.
  2088 | D:3      | Reached skill level 4 in Fire Magic
  2088 | D:3      | Reached XP level 5. HP: 26/42 MP: 6/9
  2380 | D:3      | Found a runed translucent door.
  2381 | D:3      | Noticed Crazy Yiuf
  2392 | D:3      | Killed Crazy Yiuf
  2651 | D:4      | Reached XP level 6. HP: 8/49 MP: 6/11
  2909 | D:4      | Learned a level 3 spell: Inner Flame
  2958 | D:4      | Found a white marble altar of Elyvilon.
  3295 | D:4      | Found Doix's Weapon Boutique.
  3413 | D:5      | Entered Level 5 of the Dungeon
  3504 | D:5      | Found a stormy altar of Qazlal.
  3507 | D:5      | Found a shattered altar of Ashenzari.
  3510 | D:5      | Found a shimmering altar of Xom.
  3648 | D:5      | You fall into a shaft and drop 1 floor!
  3661 | D:6      | Reached skill level 1 in Hexes
  3969 | D:6      | Identified the +7 long sword of Instinct {flame, rN+ MR-
                  | Str+4 Dex+4}
  4004 | D:7      | HP: 1/49 [bullfrog zombie (6)]
  4006 | D:7      | Slain by a bullfrog zombie

Illustrated notes

Levels and vault maps discovered:
D:1:      shiori_arrival_maze, layout_rooms, minmay_misc_feat_diagonals
D:2:      layout_rooms, eat_drink_and_be_merry_uskayaw,
          nicolae_dithmenos_shadow_blocks, item_on_display_a
D:3:      layout_loops_corners, uniq_crazy_yiuf_cottage
D:4:      layout_rooms, serial_shops, shop, elyvilon_altar_4
D:5:      layout_loops_corners, gammafunk_temple_overflow_statue,
          grunt_temple_overflow_diamond, minmay_temple_entry_purple_smoke,
          first_ration
D:6:      layout_loops_ring, serial_shops, shop, chequers_garden, uniq_sigmund
D:7:      layout_loops_cross, overflow_temple_1_default, zin_purify,
          basic_altar, serial_shops, kennysheep_mini_moat, uniq_maggie,
          uniq_duvessa

Skill      XL: |  1  2  3  4  5  6 |
---------------+-------------------+-----
Conjurations   | 2 3 |  3.7
Spellcasting   | 3 |  3.9
Fire Magic     | 4 |  4.8
Hexes          | 1 |  1.1
Dodging        | |  1.5
Stealth        | |  3.0

Action                   |  1- 3 |  4- 6 || total
-------------------------+-------+-------++-------
Melee: Short sword       |    35 |     3 ||    38
       Spear             |       |   161 ||   161
 Cast: Foxfire           |    35 |    39 ||    74
       Conjure Flame     |       |     2 ||     2
       Sticky Flame      |       |     1 ||     1
 Abil: Spit Poison       |    11 |    12 ||    23
  Use: Scroll            |       |     5 ||     5
       Potion            |       |     1 ||     1
 Stab: Sleeping          |     2 |     3 ||     5
  Eat: Chunk             |     1 |     9 ||    10
Armor: Robe              |    14 |    50 ||    64
Dodge: Dodged            |    50 |   112 ||   162
